 Dungeon Crawl Stone Soup version 0.29.0-15-g675c0067aa (webtiles) character file.

Game seed: 11248913516305252693

553 Tsarbomb the Chopper (level 7, -2/41 HPs)
             Began as a Gargoyle Fighter on Sept 11, 2022.
             Slain by a gnoll
             ... wielding a +0 halberd
             ... led by a gnoll bouda
              (6 damage)
             ... on level 5 of the Dungeon.
             The game lasted 00:05:47 (3711 turns).

Tsarbomb the Chopper (Gargoyle Fighter)             Turns: 3711, Time: 00:05:48

Health: -2/41      AC: 18    Str: 22    XL:     7   Next: 29%
Magic:  7/7        EV:  7    Int:  8    God:
Gold:   209        SH:  4    Dex:  9    Spells: 6/6 levels left

rFire   . . .      SeeInvis +   a - +0 war axe
rCold   . . .      Faith    .   c - +0 buckler
rNeg    + . .      Spirit   .   v - +0 chain mail
rPois   ∞          Reflect  .   m - +0 helmet
rElec   +          Harm     .   (no cloak)
rCorr   .          Rampage  .   (no gloves)
Will    .....                   u - +2 pair of boots
Stlth   ..........              (no amulet)
HPRegen 0.13/turn               i - ring of see invisible
MPRegen 0.10/turn               (no ring)

@: no status effects
A: sickness immunity, AC +4, negative energy resistance 1, electricity
resistance, torment resistance 1, petrification resistance
a: no special abilities


You were on level 5 of the Dungeon.
You visited 2 branches of the dungeon, and saw 6 of its levels.

You collected 209 gold pieces.

Inventory:

Hand Weapons
 a - a +0 war axe (weapon)
 n - a +0 spear of venom
Missiles
 t - 5 javelins (quivered)
Armour
 c - a +0 buckler (worn)
 m - a +0 helmet (worn)
 u - a +2 pair of boots (worn)
 v - a +0 chain mail (worn)
Jewellery
 i - a ring of see invisible (left hand)
 y - a ring of flight
Wands
 b - a wand of acid (7)
Scrolls
 e - 6 scrolls of identify {unknown}
 f - 2 scrolls of butterflies {unknown}
 g - 2 scrolls of fear {unknown}
 j - a scroll of magic mapping {unknown}
 k - a scroll of poison {unknown}
 r - 2 scrolls of enchant weapon {unknown}
 x - a scroll of teleportation {unknown}
 z - a scroll of acquirement {unknown}
Potions
 d - 4 potions of might
 h - 3 potions of brilliance {unknown}
 l - 2 potions of heal wounds {unknown}
 o - 3 potions of degeneration {unknown}
 p - a potion of mutation {unknown}
 q - 2 potions of curing {unknown}
 s - 2 potions of haste {unknown}
 w - a potion of resistance {unknown}


   Skills:
 - Level 3.2 Fighting
 + Level 7.1 Axes
 - Level 3.2 Armour
 - Level 3.2 Shields


You had 6 spell levels left.
You didn't know any spells.
Your spell library was empty.

Dungeon Overview and Level Annotations

Branches:
Dungeon (5/15)             Temple (1/1) D:5

Altars:
Ashenzari
Cheibriados
Dithmenos
Elyvilon
Fedhas
Nemelex Xobeh
Okawaru
Ru
Trog
Uskayaw
Wu Jian
Xom
The Shining One

Shops:
D:1 =

Annotations:
D:4 Menkaure


Innate Abilities, Weirdness & Mutations

You are immune to sickness and miasma.
Your stone body is resilient. (AC +4)
You are immune to poison.
You resist negative energy. (rN+)
You are resistant to electric shocks. (rElec)
You are resistant to unholy torment.
You are immune to petrification.


Message History

The gnoll hits you but does no damage. The gnoll barely misses you.
You slash the gnoll bouda!
The gnoll bouda is almost dead.
You hit the gnoll but do no damage.
The gnoll bouda hits you with a +0 whip.
The gnoll hits you from afar with a +0 halberd.
The gnoll hits you but does no damage.
You closely miss the gnoll bouda.
The gnoll bouda is almost dead.
You barely miss the gnoll.
The gnoll bouda gazes fiercely through you!
You feel your attacks grow feeble. The gnoll bouda closely misses you.
The gnoll hits you but does no damage. x2
The gnoll bouda hits you with a +0 whip.
The gnoll completely misses you.
You completely miss the gnoll bouda.
The gnoll bouda is almost dead.
You hit the gnoll but do no damage. The gnoll hits you but does no damage.
The gnoll bouda hits you but does no damage.
The gnoll hits you from afar with a +0 halberd.
You closely miss the gnoll bouda.
The gnoll bouda is almost dead.
You hit the gnoll. The gnoll hits you but does no damage.
The gnoll bouda hits you with a +0 whip!
The gnoll hits you from afar with a +0 halberd.
* * * LOW HITPOINT WARNING * * *
You slash the gnoll bouda!
You kill the gnoll bouda!
You slash the gnoll! You block the gnoll's attack. x2
The gnoll hits you but does no damage.
The gnoll hits you from afar with a +0 halberd!
* * * LOW HITPOINT WARNING * * *
Things that are here:
a +0 whip; a +0 robe; a gnoll corpse You slash the gnoll!
You kill the gnoll!
The gnoll barely misses you.
Your attacks no longer feel as feeble.
The gnoll hits you from afar with a +0 halberd.
You die...

##........###.......
##..#...## ##......
#...#######.......
##...###..........
##...............
##...#..........
##########.###..........
...........# ##.........
.......@..## ##........
........).# ##.......
......g..## ###.....
.........# ######
........## ........#
......... ..####.## ##


You could see a gnoll (swift).

Vanquished Creatures
  A scorpion (D:5)
  A hound (D:5)
  An orc priest (D:5)
  A jelly (D:4)
  2 gnoll boudas
  2 orc wizards
  A hound zombie (D:2)
  11 gnolls
  8 adders
  An ufetubus (D:5)
  6 orcs
  6 ball pythons
  A bat skeleton (D:2)
  5 endoplasms
  A giant cockroach (D:4)
  19 goblins
  4 hobgoblins
  7 jackals
  6 kobolds
  A quokka (D:2)
  7 bats
  3 frilled lizards
  4 rats
99 creatures vanquished.

Vanquished Creatures (others)
  Robin (D:2)
1 creature vanquished.

Grand Total: 100 creatures vanquished

Notes
Turn   | Place    | Note
-------+----------+-------------------------------------------
     0 | D:1      | Tsarbomb the Gargoyle Fighter began the quest for the Orb.
     0 | D:1      | Reached XP level 1. HP: 14/14 MP: 1/1
    26 | D:1      | Reached skill level 2 in Axes
    67 | D:1      | Reached XP level 2. HP: 19/19 MP: 2/2
   333 | D:1      | Found Cuibuusy's Jewellery Shop.
   493 | D:2      | Reached skill level 3 in Axes
   493 | D:2      | Reached XP level 3. HP: 21/23 MP: 3/3
   641 | D:2      | Reached XP level 4. HP: 23/28 MP: 4/4
   646 | D:2      | Reached skill level 4 in Axes
   744 | D:2      | Noticed Robin
   749 | D:2      | Killed Robin
   766 | D:2      | Reached XP level 5. HP: 8/32 MP: 5/5
  1241 | D:2      | Found a faded altar of an unknown god.
  1995 | D:4      | Reached skill level 5 in Axes
  2304 | D:4      | Reached XP level 6. HP: 37/37 MP: 6/6
  2383 | D:4      | Noticed Menkaure
  2411 | D:5      | Entered Level 5 of the Dungeon
  2814 | D:4      | Reached skill level 6 in Axes
  3167 | D:5      | Reached XP level 7. HP: 14/41 MP: 7/7
  3506 | D:5      | Reached skill level 7 in Axes
  3558 | D:5      | Found a staircase to the Ecumenical Temple.
  3564 | Temple   | Entered the Ecumenical Temple
  3711 | D:5      | Slain by a gnoll

Illustrated notes

Levels and vault maps discovered:
D:1:      evilmike_arrival_fibonacci_small, layout_rooms, serial_shops, shop
D:2:      layout_rooms, ebering_ecumenical_altar_rust, serial_undead,
          serial_undead_f, serial_undead_f, serial_undead_c, serial_undead_c,
          uniq_robin
D:3:      layout_rooms
D:4:      layout_basic, minmay_cupped, uniq_menkaure
D:5:      layout_cave_pods, mainiacjoe_overflow_tiny_flanked,
          minmay_temple_entry_fiery
Temple:   dshaligram_water_room_temple

Skill      XL: |  1  2  3  4  5  6  7 |
---------------+----------------------+-----
Axes           | 2 3 4 5 6 7 |  7.1
Fighting       | |  3.2
Armour         | |  3.2
Shields        | |  3.2

Action                   |  1- 3 |  4- 6 |  7- 9 || total
-------------------------+-------+-------+-------++-------
Melee: War axe           |    68 |   207 |    24 ||   299
Armor: Scale mail        |    56 |    54 |       ||   110
       Chain mail        |       |   119 |    23 ||   142
Dodge: Dodged            |    49 |   100 |    14 ||   163
Block: Buckler           |    21 |    45 |     6 ||    72
